 Dungeon Crawl Stone Soup version 0.16.1-11-g651b585 (webtiles) character file.

114 Radiman the Digger (level 4, 0/24 HPs)
             Began as a Gargoyle Earth Elementalist on Apr 3, 2015.
             Killed from afar by Radiman's ghost (24 damage)
             ... with a stone arrow
             ... on level 4 of the Dungeon.
             The game lasted 00:14:01 (3121 turns).

Radiman the Digger (Gargoyle Earth Elementalist)    Turns: 3121, Time: 00:14:01

Health: 0/24       AC:  5    Str: 12    XL:     4   Next: 98%
Magic:  9/9        EV: 12    Int: 15    God:
Gold:   169        SH:  0    Dex: 11    Spells: 2 memorised, 5 levels left

rFire  . . .     SeeInvis .     r - +1 mace
rCold  . . .     Clarity  .     c - +0 robe
rNeg   + . .     SustAb   .     (no shield)
rPois  ∞         Gourm    .     (no helmet)
rElec  +         Spirit   .     (no cloak)
rCorr  .         Warding  .     (no gloves)
rMut   .         Stasis   .     (no boots)
MR     .....                    (no amulet)
Stlth  ++........               (no ring)
                                (no ring)

@: not resistant to hostile enchantments, unstealthy
A: negative energy resistance 1, electricity resistance, unbreathing,
petrification resistance, rot immunity, AC +3
a: no special abilities


You were on level 4 of the Dungeon.
You were hungry.

You visited 1 branch of the dungeon, and saw 4 of its levels.

You collected 169 gold pieces.

Inventory:

Hand weapons
 r - a +1 mace (weapon)
Missiles
 b - 157 stones (quivered)
Armour
 c - a +0 robe (worn)
Jewellery
 e - an uncursed amulet of warding {unknown}
Magical devices
 t - a wand of teleportation (2)
Scrolls
 h - 3 scrolls of amnesia
 i - a scroll of remove curse
 k - 2 scrolls of identify
 s - a scroll of teleportation
 v - a scroll of blinking
Potions
 f - a potion of resistance {unknown}
 g - a potion of invisibility {unknown}
 j - a potion of heal wounds {unknown}
 m - a potion of haste {unknown}
 n - a potion of decay {unknown}
 p - 2 potions of curing
 q - 2 potions of poison {unknown}
Books
 d - a book of Geomancy

   Spells                             Type                      Level
   a - Sandblast                      Earth                        1
   b - Stoneskin                      Transmutation/Earth          2
   c - Passwall                       Transmutation/Earth          3
   d - Stone Arrow                    Conjuration/Earth            3
   e - Petrify                        Transmutation/Earth          4
   f - Lee's Rapid Deconstruction     Earth                        5
Comestibles
 a - 3 bread rations
 l - 3 fruits
 o - 2 meat rations
 u - a slice of pizza


   Skills:
 - Level 1.5 Dodging
 - Level 2.1 Stealth
 * Level 3.1 Spellcasting
 + Level 1.4 Conjurations
   Level 0.7 Transmutations
 + Level 5.3 Earth Magic


You had 5 spell levels left.
You knew the following spells:

 Your Spells              Type           Power        Failure   Level  Hunger
a - Sandblast             Erth           ###...       1%          1    #......
b - Stone Arrow           Conj/Erth      ##....       17%         3    ###....


Dungeon Overview and Level Annotations

Branches:
Dungeon (4/15)
 Temple: D:4-7

Altars:
Cheibriados

Annotations:
D:2 exclusion: downstairs
D:3 exclusion: player ghost, Fanu's ghost, average TeCj; Grinder
D:4 exclusion: player ghost, Radiman's ghost, average GrEE


Innate Abilities, Weirdness & Mutations

You are resistant to torment.
You are immune to poison.
Your stone body is very resilient (AC +3).
You resist negative energy.
You are resistant to electric shocks.
You can survive without breathing.
You are immune to petrification.
You are immune to rotting.


Message History

Press: ? - help, Shift-Dir - straight line, f - kobold
Aim: a kobold The blast of sand hits the kobold.
You kill the kobold!
You see here a kobold corpse.
Found a club.
Magic restored.
Found an escape hatch in the floor.
Radiman's ghost (average Gargoyle Earth Elementalist) comes into view.
Radiman's ghost is too close now for your liking.
There is a stone staircase leading up here.
Found a scroll of blinking.
You see here a scroll of blinking.
v - a scroll of blinking You are feeling hungry.
Radiman's ghost laughs crazily.
Radiman's ghost points at you and mumbles some strange words.
The stone arrow hits you!
Ouch! That really hurt!
You die...

........######.....
....... ###.<....
...... ##....#...
.... ###.W.###...
... ##...### #...
#.###...## #...
#.##W.### #.##
##....## #.#
###@##### # #..##
####


You could see Radiman's ghost.

Vanquished Creatures
  5 adders
  A worm (D:2)
  2 giant geckos (D:1)
  An ooze (D:1)
  An orc (D:3)
  11 bats
  A bat skeleton (D:3)
  3 giant cockroaches (D:1)
  2 hobgoblins
  5 jackals (D:3)
  6 giant newts
  8 goblins
  12 kobolds
  6 rats
64 creatures vanquished.

Notes
Turn   | Place    | Note
--------------------------------------------------------------
     0 | D:1      | Radiman, the Gargoyle Earth Elementalist, began the quest for the Orb.
     0 | D:1      | Reached XP level 1. HP: 10/10 MP: 3/3
   107 | D:1      | Reached skill level 4 in Earth Magic
   195 | D:1      | Reached XP level 2. HP: 15/15 MP: 0/4
   813 | D:1      | Reached XP level 3. HP: 19/19 MP: 4/6
   814 | D:1      | Reached skill level 5 in Earth Magic
   847 | D:1      | Learned a level 3 spell: Stone Arrow
  1747 | D:2      | Found a snail-covered altar of Cheibriados.
  2040 | D:2      | Reached XP level 4. HP: 24/24 MP: 6/8
  2079 | D:2      | Reached skill level 1 in Conjurations
  2642 | D:3      | Noticed an ogre
  2816 | D:3      | Noticed Fanu's ghost (average TeCj)
  3003 | D:3      | Noticed Grinder
  3086 | D:4      | Noticed Radiman's ghost (average GrEE)
  3121 | D:4      | Killed from afar by Radiman's ghost

Action                   |  1- 3 |  4- 6 || total
-------------------------+-------+-------++-------
Melee: Unarmed           |    49 |       ||    49
       Mace              |       |     6 ||     6
 Cast: Sandblast         |    80 |    44 ||   124
  Use: Scroll            |     6 |     3 ||     9
  Eat: Chunk             |     5 |     3 ||     8
